 Dungeon Crawl Stone Soup version 0.28-a0-691-gad6df49e81 (webtiles) character file.

Game seed: 460959270521082960

555 Dvallin the Caller (level 7, -1/41 HPs)
             Began as a Kobold Summoner on Oct 21, 2021.
             Slain by a water moccasin (6 damage)
             ... on level 5 of the Dungeon.
             The game lasted 00:13:05 (6662 turns).

Dvallin the Caller (Kobold Summoner)                Turns: 6662, Time: 00:13:05

Health: -1/41      AC:  3    Str:  8    XL:     7   Next: 56%
Magic:  5/10       EV: 15    Int: 16    God:
Gold:   185        SH:  0    Dex: 15    Spells: 4/10 levels left

rFire   + . .      SeeInvis .   t - +2 dagger (drain)
rCold   + . .      Faith    .   (shield restricted)
rNeg    . . .      Spirit   .   a - +0 robe
rPois   .          Reflect  .   (no helmet)
rElec   .          Harm     .   m - scarf {rC+ rF+}
rCorr   .          Rampage  .   (no gloves)
Will    .....                   n - +0 pair of boots
Stlth   ++++......              (no amulet)
HPRegen 0.13/turn               (no ring)
MPRegen 0.12/turn               (no ring)

@: no status effects
A: small, no large weapons, nightstalker 3
a: no special abilities


You were on level 5 of the Dungeon.
You visited 1 branch of the dungeon, and saw 5 of its levels.

You collected 185 gold pieces.

Inventory:

Hand Weapons
 e - a +0 dagger of flaming
 q - a +2 flail of protection
 r - a +0 long sword
 t - a +2 dagger of draining (weapon)
Armour
 a - a +0 robe (worn)
 m - a scarf of resistance (worn)
 n - a +0 pair of boots (worn)
Magical Staves
 f - a staff of conjuration
Jewellery
 l - an amulet of magic regeneration
 o - a ring of see invisible
 s - a ring of protection from fire
Wands
 p - a wand of polymorph (17)
 v - a wand of acid (11)
Scrolls
 c - 8 scrolls of identify {unknown}
 g - a scroll of fog {unknown}
 h - a scroll of enchant armour {unknown}
 u - a scroll of teleportation {unknown}
Potions
 b - a potion of brilliance {unknown}
 d - a potion of degeneration {unknown}
 i - 2 potions of attraction {unknown}
 j - a potion of curing
 k - a potion of lignification {unknown}


   Skills:
 + Level 3.6 Fighting
 + Level 3.1 Short Blades
 - Level 2.4 Dodging
 + Level 5.6 Stealth
 - Level 2.1 Spellcasting
 * Level 6.4 Summonings


You had 4 spell levels left.
You knew the following spells:

 Your Spells              Type           Power      Damage    Failure   Level
a - Summon Small Mammal   Summ           88%        N/A       1%          1
b - Call Imp              Summ           22%        N/A       2%          2
c - Call Canine Familiar  Summ           22%        N/A       4%          3

Your spell library contained the following spells:

 Spells                   Type           Power      Damage    Failure   Level
 Summon Guardian Golem    Hex/Summ       12%        N/A       16%         3
 Animate Skeleton         Necr           2%         N/A       21%         1
 Apportation              Tloc           2%         N/A       21%         1
 Shock                    Conj/Air       4%         1d3       21%         1
 Summon Lightning Spire   Summ/Air       12%        N/A       47%         4
 Portal Projectile        Hex/Tloc       2%         N/A       52%         3
 Swiftness                Air            1%         N/A       52%         3
 Airstrike                Air            0%         N/A       90%         4
 Blade Hands              Tmut           0%         N/A       99%         5
 Excruciating Wounds      Necr           0%         N/A       99%         5


Dungeon Overview and Level Annotations

Branches:
Dungeon (5/15)
 Temple: D:4-7

Altars:
Fedhas
Hepliaklqana
Ru

Shops:
D:4 !

Annotations:
D:4 Eustachio
D:5 Edmund


Innate Abilities, Weirdness & Mutations

You are small and have problems with some larger weapons.
You are completely attuned to the shadows.


Message History

Casting: Summon Small Mammal (safe; 1% risk of failure)
Confirm with . or Enter, or press ? or * to list all spells.
You feel sick. The water moccasin bites you.
The howler monkey barely misses you. The water moccasin bites you!
* * * LOW HITPOINT WARNING * * *
Your crimson imp hits the howler monkey.
You swap places. 2 hounds come into view.
You feel sick.
Your bat misses the water moccasin.
The hound bites something but does no damage.
The howler monkey barely misses you.
The hound pauses to sniff the ground.
The water moccasin closely misses your crimson imp.
A gnoll comes into view. It is wielding a +0 halberd.
Your crimson imp blinks!
The howler monkey hits you.
* * * LOW HITPOINT WARNING * * *
You feel sick.
The howler monkey closely misses your quokka.
Your bat completely misses the water moccasin.
You feel sick.
Your quokka closely misses the howler monkey.
The howler monkey misses your quokka.
Your quokka bites the howler monkey.
You feel sick.
You are no longer poisoned.
Your bat barely misses the water moccasin.
The howler monkey barely misses your quokka.
Your quokka bites the howler monkey.
Something hits your quokka. The water moccasin misses you.
The hound completely misses you.
The hound pauses to sniff the ground.
The hound closely misses you. The hound barely misses you.
The water moccasin bites you but does no damage.
Your quokka closely misses the howler monkey.
Something closely misses your quokka. The hound bites you.
* * * LOW HITPOINT WARNING * * *
The hound completely misses you. The water moccasin bites you.
You die...

#........# ##.#.# #..#.....#
#.#.######
#P.....h.#####.........
'g..###.5...###........ #P.##
#.h...###........@ #..#
#.r..........##...
#..#####...h###..#.##...
#.....##..hS# #.........
#.....##...@# #....##.##
#.....##....###.>..........
#####......................[
#...#.....####..#####.#....<...#
#...#........#..# #.#.........
#...#..##)..[#..# #.#...<.....
#...#..#.....#..# #.#....#####
#........_......# #.........
#....#.....#..### #....#####


You could see a water moccasin, a howler monkey, 2 hounds and a friendly quokka
(summoned).

Vanquished Creatures
  Duvessa (D:4)
  A scorpion (D:5)
  2 hounds
  An iguana (D:4)
  2 adders (D:2)
  An adder skeleton (D:4)
  A worm (D:2)
  3 orcs
  2 ball pythons
  2 endoplasms
  A giant cockroach (D:1)
  3 hobgoblins
  10 jackals
  3 quokkas
  3 bats
  A frilled lizard (D:2)
  2 goblins
  4 kobolds
  4 rats (D:2)
47 creatures vanquished.

Vanquished Creatures (collateral kills)
  Dowan (D:4)
  A water moccasin skeleton (D:5)
  2 hounds
  5 adders
  An ufetubus (D:5)
  A worm (D:2)
  An orc (D:4)
  4 endoplasms
  A goblin (D:1)
  5 hobgoblins
  A quokka (D:1)
  A ball python (D:1)
  A bat (D:1)
  2 frilled lizards (D:1)
  A kobold (D:4)
  2 rats
30 creatures vanquished.

Grand Total: 77 creatures vanquished

Notes
Turn   | Place    | Note
-------+----------+-------------------------------------------
     0 | D:1      | Dvallin the Kobold Summoner began the quest for the Orb.
     0 | D:1      | Reached XP level 1. HP: 10/10 MP: 3/3
   290 | D:1      | Reached XP level 2. HP: 16/16 MP: 1/5
   363 | D:1      | Found a faded altar of an unknown god.
   464 | D:1      | Learned a level 2 spell: Call Imp
   466 | D:1      | Found Tiun's Book Shop.
   977 | D:1      | Reached skill level 1 in Fighting
  1142 | D:2      | Reached XP level 3. HP: 20/20 MP: 3/6
  1659 | D:2      | Reached XP level 4. HP: 6/25 MP: 4/7
  2690 | D:2      | Reached skill level 5 in Summonings
  3167 | D:2      | Learned a level 3 spell: Call Canine Familiar
  3401 | D:3      | Reached XP level 5. HP: 28/30 MP: 3/8
  3720 | D:3      | Found a blossoming altar of Fedhas.
  3984 | D:4      | Noticed Duvessa
  3984 | D:4      | Noticed Dowan
  4156 | D:4      | Found Tukam's Distillery.
  4471 | D:4      | Killed Duvessa
  4472 | D:4      | Reached skill level 1 in Short Blades
  4472 | D:4      | Reached XP level 6. HP: 8/36 MP: 3/9
  4955 | D:4      | Reached skill level 5 in Stealth
  4982 | D:4      | Found a sacrificial altar of Ru.
  5014 | D:4      | Killed Dowan
  5015 | D:4      | Reached skill level 6 in Summonings
  5015 | D:4      | Reached XP level 7. HP: 28/41 MP: 7/10
  5263 | D:4      | Noticed Eustachio
  5910 | D:5      | Entered Level 5 of the Dungeon
  6093 | D:5      | Noticed Edmund
  6119 | D:5      | Noticed a water moccasin
  6385 | D:5      | Found a hazy altar of Hepliaklqana.
  6662 | D:5      | Slain by a water moccasin

Illustrated notes

Levels and vault maps discovered:
D:1:      dpeg_arrival_ternary, layout_basic, hellmonk_ecumenical_altar_blasted,
          serial_shops, nicolae_diamond_shop
D:2:      minmay_alternating_diamond, layout_loops_ring
D:3:      layout_basic, fedhas_altar_2
D:4:      cheibrodos_quashed, layout_loops_cross, lemuel_doored_altar,
          serial_shops, shop, chequers_mini_garden, minmay_ruptured,
          uniq_duvessa, uniq_eustachio
D:5:      layout_basic, nicolae_overflow_crystal_walls,
          mainiacjoe_overflow_paths, kiku_gazebo_pond_becter,
          cheibrodos_gnoll_hut, uniq_crazy_yiuf_cottage, uniq_edmund,
          uniq_prince_ribbit1

Skill      XL: |  1  2  3  4  5  6  7 |
---------------+----------------------+-----
Stealth        | 3 4 5 |  5.6
Fighting       | 1 2 3 |  3.6
Summonings     | 5 6 |  6.4
Short Blades   | 1 2 3 |  3.1
Dodging        | |  2.4
Spellcasting   | |  2.1

Action                   |  1- 3 |  4- 6 |  7- 9 || total
-------------------------+-------+-------+-------++-------
Melee: Unarmed           |     9 |       |       ||     9
       Dagger            |    45 |   145 |    57 ||   247
       Flail             |       |     3 |       ||     3
 Cast: Summon Small Mamm |    15 |    19 |    17 ||    51
       Call Imp          |     8 |    18 |     9 ||    35
 Stab: Sleeping          |    11 |     8 |     5 ||    24
       Distracted        |       |     2 |       ||     2
Armor: Robe              |     7 |    21 |     9 ||    37
Dodge: Dodged            |    34 |   111 |    76 ||   221

Table legend: (Time is in decaauts)
 A = Elapsed time spent in this place.
 B = Non-inter-level travel time spent in this place.
 C = Inter-level travel time spent in this place.
 D = Time resting spent in this place.
 E = Time spent auto-exploring this place.
 F = Levels seen in this place.
 G = Mean time per level.
                   A        B        C        D        E       F      G
               +--------+--------+--------+--------+--------+-----+--------+
         Total |   6654 |   6521 |    133 |    926 |   4624 |   5 | 1330.8 |
       Dungeon |   6654 |   6521 |    133 |    926 |   4624 |   5 | 1330.8 |
               +--------+--------+--------+--------+--------+-----+--------+

Top non-repeatable levels by time:
     D:2: 2098 daAuts
     D:3: 1405 daAuts
     D:4: 1279 daAuts
     D:1: 1123 daAuts
     D:5: 747 daAuts
